 Dungeon Crawl Stone Soup version 0.30-a0-4-ga7cffc901d (webtiles) character file.

Game seed: 12031613962033259832

27 siradein the Trooper (level 2, 0/24 HPs)
             Began as a Demonspawn Fighter on Aug 20, 2022.
             Slain by a worm (2 damage)
             ... on level 1 of the Dungeon.
             The game lasted 00:02:09 (1309 turns).

siradein the Trooper (Demonspawn Fighter)           Turns: 1309, Time: 00:02:10

Health: 0/24       AC:  6    Str: 16    XL:     2   Next: 93%
Magic:  2/2        EV: 10    Int:  9    God:
Gold:   67         SH:  4    Dex: 12    Spells: 1/1 levels left

rFire   + . .      SeeInvis .    a - +0 flail
rCold   . . .      Faith    .    c - +0 buckler
rNeg    . . .      Spirit   .    i - +1 leather armour {rF+}
rPois   .          Reflect  .    j - +1 helmet
rElec   .          Harm     .    (no cloak)
rCorr   .          Rampage  .    (no gloves)
Will    .....                    (no boots)
Stlth   +.........               (no amulet)
HPRegen 0.08/turn                (no ring)
MPRegen 0.08/turn                (no ring)

@: no status effects
A: foul stench 1
a: no special abilities


You were on level 1 of the Dungeon.
You visited 1 branch of the dungeon, and saw 2 of its levels.

You collected 67 gold pieces.

Inventory:

Hand Weapons
 a - a +0 flail (weapon)
Armour
 c - a +0 buckler (worn)
 i - a +1 leather armour of fire resistance (worn)
 j - a +1 helmet (worn)
Scrolls
 b - a scroll of teleportation {unknown}
 e - 2 scrolls of enchant weapon {unknown}
 f - a scroll of immolation {unknown}
Potions
 d - a potion of might
 h - a potion of invisibility {unknown}


   Skills:
 + Level 3.3 Fighting
 + Level 2.1 Maces & Flails
 + Level 3.0 Armour
 + Level 3.0 Shields


You had one spell level left.
You didn't know any spells.
Your spell library was empty.

Dungeon Overview and Level Annotations

Branches:
Dungeon (2/15)

Altars:


Innate Abilities, Weirdness & Mutations

You may rarely emit foul miasma when damaged in melee.


Message History

The worm barely misses you. The quokka bites you.
You hit the worm.
The worm is moderately wounded.
The quokka bites you but does no damage.
The worm closely misses you.
You barely miss the worm.
The worm is lightly wounded.
The quokka closely misses you. The worm bites you but does no damage.
The quokka barely misses you.
You barely miss the worm.
The worm is lightly wounded.
The quokka bites you. The worm closely misses you.
You are too injured to fight recklessly!
You are too injured to fight recklessly!
You are too injured to fight recklessly!
The quokka closely misses you. The quokka barely misses you.
You climb upwards.
There is a stone staircase leading down here.
The worm bites you.
* * * LOW HITPOINT WARNING * * *
The quokka completely misses you.
You sock the quokka!
You kill the quokka!
The worm bites you but does no damage.
You start resting.
A worm is nearby!
You start resting.
A worm is nearby!
You see here a +0 robe.
You hit the worm.
The worm is moderately wounded.
The worm bites you!
You hit the worm.
The worm is heavily wounded.
The worm bites you!
* * * LOW HITPOINT WARNING * * *
You hit the worm but do no damage.
The worm is heavily wounded.
The worm bites you.
You die...

#.............###.
#.................
##########################.###.
###..........................# #.
..#..........################# #.
..#..........................# #.
..#..............###########.# #.
..#..[...........# ########.###.
..#...##.......w@####......).)...
..###.##.#######....#.######.####
..#.#.##.# #.##.#............
..#.#.##w# #.#..#..#####.###.
..#.#.##.### #.#.##..#...#...#.
..#.#......# #.......#.#.#...#.
..'........#######...#.#.#.##.##.
..#.........w.............>......
###..............#.....#.#.#####.


You could see a worm.

Vanquished Creatures
  2 dart slugs
  A ball python (D:1)
  An endoplasm (D:1)
  3 giant cockroaches (D:1)
  A goblin (D:1)
  2 hobgoblins
  2 jackals (D:1)
  2 quokkas (D:1)
  A bat (D:1)
  2 frilled lizards (D:1)
  A kobold (D:1)
  3 rats (D:1)
21 creatures vanquished.

Notes
Turn   | Place    | Note
-------+----------+-------------------------------------------
     0 | D:1      | siradein the Demonspawn Fighter began the quest for the
                  | Orb.
     0 | D:1      | Reached XP level 1. HP: 18/18 MP: 1/1
   271 | D:1      | Gained mutation: You may rarely emit foul miasma when
                  | damaged in melee. [demonic ancestry]
   271 | D:1      | Reached XP level 2. HP: 22/24 MP: 2/2
  1309 | D:1      | Slain by a worm

Illustrated notes

Levels and vault maps discovered:
D:1:      wander_arrival_abandoned_jail, layout_basic, kennysheep_small_spiral
D:2:      kennysheep_big_flooded_room, layout_rooms, basic_altar,
          kennysheep_generic_room_15

Skill      XL: |  1  2 |
---------------+-------+-----
Maces & Flails | 2 |  2.1
Armour         | 3 |  3.0
Shields        | 3 |  3.0
Fighting       | |  3.3

Action                   || total
-------------------------++-------
Melee: Flail             ||    63
Armor: Scale mail        ||    18
       Leather armour    ||     5
Dodge: Dodged            ||    36
Block: Buckler           ||    13

Table legend: (Time is in decaauts)
 A = Elapsed time spent in this place.
 B = Non-inter-level travel time spent in this place.
 C = Inter-level travel time spent in this place.
 D = Time resting spent in this place.
 E = Time spent auto-exploring this place.
 F = Levels seen in this place.
 G = Mean time per level.
                   A        B        C        D        E       F      G
               +--------+--------+--------+--------+--------+-----+--------+
         Total |   1331 |   1283 |     48 |    192 |    811 |   2 |  665.5 |
       Dungeon |   1331 |   1283 |     48 |    192 |    811 |   2 |  665.5 |
               +--------+--------+--------+--------+--------+-----+--------+

Top non-repeatable levels by time:
     D:1: 1308 daAuts
     D:2: 23 daAuts
